Description

Alphastar builds roaches then lings and ravagers. Pulls four queens.

Build Order

Get SALT Encoding   

  12  0:00  Drone  
  13  0:13  Overlord  
  13  0:17  Drone  
  14  0:31  Drone x2  
  16  0:35  Drone  Send one to build hatch at natural
  17  0:52  Hatchery  
  16  0:55  Drone  To build extractor
  17  0:58  Drone  To build pool
  18  1:09  Extractor  
  17  1:13  Spawning Pool  
  16  1:16  Drone  1st to gas
  17  1:19  Drone  2nd to gas
  18  1:29  Drone  3rd to gas
  19  1:39  Drone  
  20  1:51  Overlord  
  20  2:04  Queen x2, Drone x2  
  26  2:13  Drone  
  27  2:14  Metabolic Boost  
  33  2:40  Queen x2, Overlord  
  35  2:47  Roach Warren  
  35  2:53  Overlord  
  42  3:15  Overlord  
  43  3:22  Extractor  
  42  3:30  Roach x4  
  50  3:35  Overlord  
  51  3:40  Extractor  
  59  3:46  Overlord  
  59  3:51  Overlord  
Spawning Tool Build Advisor. Get it on Overwolf

Analysis

Interesting when a drone is pulled off of gas, but put back after roach warren is built.

Go to:

Details

  • Created by: wetspot
  • Published on: Aug 01, 2020
  • Modified on: Aug 01, 2020
  • Patch: 4.11.0
  • Difficulty: Medium
Show
View Real Time Build Order
Export as new Build Order

Comments (0)

There are no comments. Be the first!

Create an account to comment!